 Dungeon Sprint DCSS version 0.13-a0-2144-gf0858a5 (webtiles) character file.

12300000 Canard the Axe Maniac (level 27, -40/274 HPs)
             Began as a Djinni Gladiator on June 29, 2013.
             Was the Champion of Makhleb.
             Killed from afar by a scourge (79 damage)
             ... with a bolt of poison
             ... in the Dungeon (Sprint VIII: "Arena of Blood").
             The game lasted 00:06:26 (123 turns).

Canard the Axe Maniac (Djinni Gladiator)             Turns: 123, Time: 00:06:26

HP -40/274       AC  8     Str 19      XL: 27
MP   0/0         EV 38     Int  8      God: Makhleb [******]
Gold 20          SH  0     Dex 24      Spells:  0 memorised, 80 levels left

Res.Fire  : + + +   See Invis. : +   f - +∞ Axe of Woe
Res.Cold  : x . .   Warding    : .   b - +0 leather armour
Life Prot.: + + +   Conserve   : .   (no shield)
Res.Poison: .       Res.Corr.  : .   c - +0 helmet
Res.Elec. : .       Clarity    : .   (no cloak)
Sust.Abil.: . .     Spirit.Shd : .   (no gloves)
Res.Mut.  : .       Prev.Telep.: +   (boots unavailable)
Res.Rott. : .       Flight     : .   (no amulet)
Saprovore : . . .                    (no ring)
                                     k - ring of see invisible

@: extremely poisoned, quite resistant to hostile enchantments, extraordinarily
stealthy
A: no striking features
a: Minor Destruction, Lesser Servant of Makhleb, Major Destruction, Greater
Servant of Makhleb, Renounce Religion


You were in the Dungeon.
You worshipped Makhleb.
Makhleb was exalted by your worship.
You were not hungry.

You visited 1 branch


   Skills:
 O Level 27 Fighting
 O Level 27 Axes
 O Level 27 Throwing
 O Level 27 Armour
 O Level 27 Dodging
 O Level 27 Stealth
 O Level 27 Traps
 O Level 27 Unarmed Combat
 O Level 27 Spellcasting
 O Level 27 Invocations


You had 80 spell levels left.
You didn't know any spells.

Action                   |  1- 3 |  4- 6 |  7- 9 | 10-12 | 13-15 | 16-18 | 19-21 | 22-24 | 25-27 || total
-------------------------+-------+-------+-------+-------+-------+-------+-------+-------+-------++-------
Melee: Executioner's axe |     1 |       |       |     2 |     4 |     8 |     8 |    16 |    33 ||    72

Inventory:

Hand weapons
 a - a +0,+0 hand axe {=f}
 f - the +∞,+∞ Axe of Woe (weapon)
   (You found it in the Dungeon)
Missiles
 d - 3 throwing nets (quivered)
Armour
 b - a +0 leather armour (worn)
 c - a +0 helmet (worn)
Jewellery
 k - a ring of see invisible (left hand)
   (You found it in the Dungeon)
Potions
 e - a potion of curing
 g - a potion of heal wounds
 h - a potion of speed
 i - 2 potions of magic
 j - a potion of berserk rage


Message History

You hew the sculptor of flesh savagely.
You destroy the sculptor of flesh!
Makhleb accepts your kill.
* * * LOW HITPOINT WARNING * * *
You feel extremely sick.
You hear a shout!
The meat berserker is engulfed in roaring flames.
You hear a shout!
Dmg: -2%(-5hp) hp: 18%(48hp) Unknown command.
* * * LOW HITPOINT WARNING * * *
You feel extremely sick.
You hear a shout!
The meat berserker is engulfed in roaring flames.
You hear a shout!
The scourge throws poison at you.
The bolt of poison hits the crawling corpse.
The crawling corpse completely resists.
The bolt of poison hits you!
You are more poisoned.
You die...

#################
#...%..ox)@x....####
%%....§§O)).S......###
.....##X##X#####......#
.....W§§D.).).....X..... #
....##.##pX............
.............)............
.......#.#.......#.......
...........).)####..X...
.............LL§..X..X.

Dungeon Overview and Level Annotations

Branches:
Dungeon (1/1)

Altars:
Makhleb

Table legend:
 A = Turns spent in this place as a percentage of turns spent in the entire game.
 B = Non-inter-level travel turns spent in this place as a percentage of non-inter-level travel turns spent in the entire game.
 C = Inter-level travel turns spent in this place as a percentage of turns spent in this place.
 D = Turns resting spent in this place as a percentage of non-inter-level travel turns spent in this place.
 E = Turns spent auto-exploring this place as a percentage of non-inter-level travel turns spent in this place.
 F = Non-inter-level travel turns spent in this place divided by the number of levels of this place that you've seen.
                   A       B       C       D       E      F
               +-------+-------+-------+-------+-------+----------------------
         Total | 100.0 | 100.0 |   0.0 |   0.0 |   0.0 | 251.0
       Dungeon | 100.0 | 100.0 |   0.0 |   0.0 |   0.0 | 251.0
               +-------+-------+-------+-------+-------+----------------------

Table legend:
 A = Kills in this place as a percentage of kills in entire the game.
 B = Kills by you in this place as a percentage of kills by you in the entire game.
 C = Kills by friends in this place as a percentage of kills by friends in the entire game.
 D = Other kills in this place as a percentage of other kills in the entire game.
 E = Experience gained in this place as a percentage of experience gained in the entire game.
 F = Experience gained in this place divided by the number of levels of this place that you have seen.
                   A       B       C       D       E      F
               +-------+-------+-------+-------+-------+----------------------
         Total | 100.0 | 100.0 |  -nan |  -nan | 100.0 | 1440122.0
       Dungeon | 100.0 | 100.0 |  -nan |  -nan | 100.0 | 1440122.0
               +-------+-------+-------+-------+-------+----------------------
You could see an eight-headed meat hydra, a scourge, 2 large abominations, a dread, a meat berserker (berserk) and a bag of meat.

Vanquished Creatures
  Sigmund (D)
  2 great orbs of eyes (D)
  2 greater mummies (D)
  4 hell beasts (D)
  8 hill giants (D)
  3 hydras (D)
  2 liches (D)
  29 ogres (D)
  61 orcs (D)
  5 skeletal warriors (D)
  8 vampire knights (D)
  A wraith (D)
  18 large abominations (D)
  4 tentacled monstrosities (D)
  A reaper (D)
  7 small abominations (D)
  A soul eater (D)
  17 crawling corpses (D)
174 creatures vanquished.

Vanquished Creatures (others)
  A hill giant (D)
  3 orcs (D)
  2 small abominations (D)
  7 crawling corpses (D)
13 creatures vanquished.

Grand Total: 187 creatures vanquished

Notes
Turn   | Place    | Note
--------------------------------------------------------------
     0 | D        | Canard, the Djinni Gladiator, began the quest for the Orb.
     0 | D        | Reached XP level 1. HP: 15/15 MP: 0/0
     3 | D        | Noticed a bag of meat
     3 | D        | Noticed a bag of meat
     4 | D        | Noticed a bag of meat
     4 | D        | Became a worshipper of Makhleb the Destroyer
     5 | D        | Noticed a bag of meat
     5 | D        | Noticed a bag of meat
     6 | D        | Noticed a bag of meat
     7 | D        | Noticed a meat berserker
     7 | D        | Killed a bag of meat
     7 | D        | Reached skill level 24 in Axes
     7 | D        | Reached XP level 2. EP: 21/21
     7 | D        | Reached XP level 3. EP: 27/27
     7 | D        | Reached XP level 4. EP: 33/33
     7 | D        | Reached XP level 5. EP: 40/40
     7 | D        | Reached XP level 6. EP: 46/46
     7 | D        | Reached XP level 7. EP: 51/51
     7 | D        | Reached XP level 8. EP: 58/58
     7 | D        | Reached XP level 9. EP: 63/63
     7 | D        | Reached XP level 10. EP: 71/71
     7 | D        | Reached XP level 11. EP: 76/76
     8 | D        | Killed a bag of meat
     8 | D        | Acquired Makhleb's first power
     8 | D        | Reached skill level 27 in Axes
     8 | D        | Reached XP level 12. EP: 83/92
     9 | D        | Noticed a meat berserker
     9 | D        | Noticed a meat berserker
    10 | D        | Killed a meat berserker
    10 | D        | Reached skill level 15 in Fighting
    10 | D        | Reached XP level 13. EP: 88/108
    11 | D        | Killed a bag of meat
    11 | D        | Killed a bag of meat
    11 | D        | Acquired Makhleb's second power
    11 | D        | Reached XP level 14. EP: 121/126
    12 | D        | Noticed a meat berserker
    12 | D        | Noticed a meat berserker
    12 | D        | Noticed a bag of meat
    12 | D        | Noticed a bag of meat
    12 | D        | Noticed a bag of meat
    12 | D        | Noticed a bag of meat
    12 | D        | Noticed a meat berserker
    12 | D        | Noticed a bag of meat
    12 | D        | Noticed a bag of meat
    13 | D        | Noticed a bag of meat
    13 | D        | Killed a bag of meat
    13 | D        | Killed a meat berserker
    13 | D        | Reached XP level 15. EP: 137/140
    14 | D        | Noticed a bag of meat
    14 | D        | Killed a meat berserker
    14 | D        | Acquired Makhleb's third power
    14 | D        | Reached skill level 27 in Fighting
    14 | D        | Reached skill level 5 in Armour
    15 | D        | Noticed a bag of meat
    15 | D        | Noticed a bag of meat
    15 | D        | HP: 5/143 [meat berserker/+9,+9 battleaxe (44)]
    16 | D        | Noticed a bag of meat
    16 | D        | Noticed a bag of meat
    16 | D        | Killed a meat berserker
    16 | D        | Reached skill level 15 in Armour
    16 | D        | Killed a meat berserker
    16 | D        | Reached XP level 16. EP: 136/153
    17 | D        | Killed a meat berserker
    17 | D        | Acquired Makhleb's fourth power
    17 | D        | Killed a bag of meat
    17 | D        | Killed a bag of meat
    17 | D        | Reached skill level 27 in Armour
    17 | D        | Reached skill level 10 in Invocations
    18 | D        | Killed a bag of meat
    18 | D        | Acquired Makhleb's fifth power
    18 | D        | Reached XP level 17. EP: 158/179
    19 | D        | Noticed a meat berserker
    19 | D        | Killed a bag of meat
    19 | D        | Killed a bag of meat
    20 | D        | Killed a bag of meat
    20 | D        | Killed a bag of meat
    20 | D        | Reached skill level 27 in Invocations
    20 | D        | Reached XP level 18. EP: 182/193
    21 | D        | Noticed a large bag of meat
    21 | D        | Killed a bag of meat
    21 | D        | Killed a bag of meat
    22 | D        | Noticed a meat berserker
    23 | D        | Noticed a meat berserker
    23 | D        | Killed a bag of meat
    24 | D        | Noticed a destroyer
    24 | D        | Noticed a meat berserker
    24 | D        | Killed a bag of meat
    24 | D        | Reached skill level 27 in Spellcasting
    25 | D        | Noticed a bag of meat
    25 | D        | Noticed a bag of meat
    25 | D        | Killed a meat berserker
    25 | D        | Reached XP level 19. EP: 207/207
    26 | D        | Noticed a large bag of meat
    26 | D        | Noticed a bag of meat
    26 | D        | Noticed a large bag of meat
    26 | D        | Killed a meat berserker
    27 | D        | Noticed a bag of meat
    27 | D        | Noticed a meat berserker
    27 | D        | Noticed a large bag of meat
    28 | D        | Noticed a bag of meat
    28 | D        | Noticed a destroyer
    28 | D        | Killed a meat berserker
    28 | D        | Killed a destroyer
    29 | D        | Noticed a bag of meat
    30 | D        | Noticed a bag of meat
    30 | D        | Killed a meat berserker
    30 | D        | Killed a large bag of meat
    30 | D        | Reached XP level 20. EP: 215/215
    30 | D        | Killed a large bag of meat
    30 | D        | Reached skill level 27 in Dodging
    31 | D        | Noticed a meat berserker
    31 | D        | Killed a meat berserker
    32 | D        | Noticed a meat berserker
    33 | D        | Noticed a meat berserker
    33 | D        | Noticed a destroyer
    33 | D        | Noticed a sculptor of flesh
    34 | D        | Noticed a meat berserker
    34 | D        | Noticed a bag of meat
    34 | D        | Noticed a destroyer
    34 | D        | Killed a large bag of meat
    34 | D        | Killed a bag of meat
    35 | D        | Noticed a bag of meat
    35 | D        | Noticed a meat berserker
    35 | D        | Noticed a bag of meat
    35 | D        | Noticed a bag of meat
    35 | D        | Noticed a bag of meat
    35 | D        | Noticed a bag of meat
    35 | D        | Noticed a bag of meat
    35 | D        | Noticed a large bag of meat
    35 | D        | Noticed a bag of meat
    35 | D        | Noticed an eight-headed meat hydra
    35 | D        | HP: 6/215 [destroyer/+9,+9 great sword of slicing (37)]
    36 | D        | Noticed a bag of meat
    36 | D        | Noticed a large bag of meat
    36 | D        | Noticed a bag of meat
    36 | D        | Killed a bag of meat
    36 | D        | Killed a destroyer
    36 | D        | Reached XP level 21. EP: 51/223
    36 | D        | Killed a meat berserker
    37 | D        | Noticed a large bag of meat
    37 | D        | Noticed a bag of meat
    37 | D        | Killed a meat berserker
    37 | D        | Reached skill level 27 in Unarmed Combat
    37 | D        | Killed a meat berserker
    37 | D        | Killed a bag of meat
    38 | D        | Noticed a sculptor of flesh
    38 | D        | Noticed a bag of meat
    38 | D        | Noticed a bag of meat
    38 | D        | Killed a bag of meat
    38 | D        | Killed a destroyer
    39 | D        | Killed a meat berserker
    39 | D        | Reached XP level 22. EP: 233/233
    40 | D        | Noticed a bag of meat
    40 | D        | Noticed a bag of meat
    40 | D        | Noticed a meat berserker
    40 | D        | Killed a meat berserker
    40 | D        | Killed a bag of meat
    40 | D        | Killed a bag of meat
    41 | D        | Noticed a bag of meat
    42 | D        | Noticed a bag of meat
    42 | D        | Noticed a bag of meat
    42 | D        | Killed a large bag of meat
    42 | D        | Killed a sculptor of flesh
    42 | D        | Reached skill level 27 in Stealth
    42 | D        | Killed a bag of meat
    43 | D        | Noticed a bag of meat
    43 | D        | Noticed a bag of meat
    43 | D        | Killed a bag of meat
    43 | D        | Killed a bag of meat
    43 | D        | Killed a bag of meat
    43 | D        | Killed a bag of meat
    43 | D        | Reached skill level 15 in Throwing
    43 | D        | Killed a meat berserker
    43 | D        | Killed a bag of meat
    44 | D        | Killed a bag of meat
    44 | D        | Killed a large bag of meat
    44 | D        | Killed a large bag of meat
    44 | D        | Killed a bag of meat
    44 | D        | Killed a bag of meat
    45 | D        | Noticed an eight-headed meat hydra
    45 | D        | Noticed a large bag of meat
    45 | D        | Noticed a meat berserker
    45 | D        | Killed a nine-headed meat hydra
    45 | D        | Killed a bag of meat
    46 | D        | Killed a bag of meat
    48 | D        | Killed a bag of meat
    48 | D        | Killed a bag of meat
    50 | D        | Noticed a destroyer
    50 | D        | Killed a nine-headed meat hydra
    50 | D        | Killed a large bag of meat
    50 | D        | Killed a meat berserker
    51 | D        | Noticed a meat berserker
    52 | D        | Noticed an accursed
    52 | D        | Killed a bag of meat
    52 | D        | Killed a destroyer
    52 | D        | Killed a bag of meat
    52 | D        | Killed a bag of meat
    53 | D        | Noticed a tyrant
    54 | D        | Noticed a bag of meat
    54 | D        | Noticed a bag of meat
    54 | D        | Noticed a meat berserker
    55 | D        | Killed a destroyer
    55 | D        | Reached XP level 23. EP: 240/240
    55 | D        | Killed a bag of meat
    55 | D        | Reached skill level 27 in Throwing
    55 | D        | Killed an accursed
    56 | D        | Noticed a bag of meat
    56 | D        | Noticed a bag of meat
    56 | D        | Noticed a meat berserker
    56 | D        | Killed a bag of meat
    56 | D        | Killed a bag of meat
    57 | D        | Noticed a bag of meat
    57 | D        | Killed a bag of meat
    57 | D        | Killed a large bag of meat
    57 | D        | Killed a bag of meat
    57 | D        | Killed a meat berserker
    58 | D        | Noticed a bag of meat
    58 | D        | Noticed a bag of meat
    59 | D        | Killed a bag of meat
    59 | D        | Killed a sculptor of flesh
    59 | D        | Killed a bag of meat
    59 | D        | Reached XP level 24. EP: 151/250
    60 | D        | Noticed a meat berserker
    60 | D        | Killed a meat berserker
    60 | D        | Reached skill level 27 in Traps
    60 | D        | Killed a bag of meat
    61 | D        | Noticed a bag of meat
    62 | D        | Killed a bag of meat
    62 | D        | Killed a bag of meat
    63 | D        | Noticed a destroyer
    64 | D        | Killed a meat berserker
    64 | D        | Killed a meat berserker
    66 | D        | Noticed a bag of meat
    68 | D        | Noticed a meat beast
    69 | D        | Noticed a bag of meat
    70 | D        | Noticed a bag of meat
    70 | D        | Killed a destroyer
    70 | D        | Killed a meat beast
    70 | D        | Killed a bag of meat
    70 | D        | Reached XP level 25. EP: 257/257
    71 | D        | Noticed a meat berserker
    71 | D        | Noticed a bag of meat
    71 | D        | Noticed a dread
    72 | D        | Noticed a bag of meat
    73 | D        | Noticed a meat berserker
    73 | D        | Noticed a meat beast
    73 | D        | Killed a bag of meat
    73 | D        | Killed a bag of meat
    75 | D        | Noticed a meat berserker
    75 | D        | Killed a meat berserker
    75 | D        | Killed a bag of meat
    76 | D        | Noticed a destroyer
    76 | D        | Killed a bag of meat
    78 | D        | Noticed a meat beast
    78 | D        | Noticed a meat berserker
    79 | D        | Noticed a bag of meat
    79 | D        | Noticed a sculptor of flesh
    81 | D        | Killed a meat berserker
    82 | D        | Killed a meat berserker
    83 | D        | Killed a bag of meat
    84 | D        | Killed a bag of meat
    84 | D        | Reached XP level 26. EP: 92/266
    85 | D        | Killed a meat beast
    86 | D        | Killed a bag of meat
    87 | D        | Killed a destroyer
    87 | D        | Killed a sculptor of flesh
    88 | D        | Noticed an eight-headed meat hydra
    88 | D        | Killed a bag of meat
    88 | D        | Killed a meat beast
    88 | D        | Killed a bag of meat
    89 | D        | Noticed a meat berserker
    89 | D        | Killed a meat berserker
    91 | D        | Killed a meat berserker
    92 | D        | Noticed a tyrant
    92 | D        | Killed a dread
    94 | D        | Noticed a bag of meat
    95 | D        | Noticed an accursed
    98 | D        | Noticed an observer
    99 | D        | Killed a nine-headed meat hydra
    99 | D        | Killed a tyrant
   100 | D        | Killed a bag of meat
   100 | D        | Reached XP level 27. EP: 237/274
   100 | D        | Killed an accursed
   101 | D        | Killed a tyrant
   102 | D        | Noticed an observer
   103 | D        | Noticed a meat berserker
   104 | D        | Noticed The Captor
   104 | D        | Noticed an eight-headed meat hydra
   104 | D        | Noticed a meat beast
   105 | D        | Noticed a lost soul
   105 | D        | Noticed a large bag of meat
   106 | D        | Noticed a destroyer
   106 | D        | Noticed a sculptor of flesh
   107 | D        | Noticed a bag of meat
   107 | D        | Noticed a sculptor of flesh
   108 | D        | Noticed a bag of meat
   108 | D        | Noticed a bag of meat
   108 | D        | Killed a bag of meat
   108 | D        | Killed an observer
   110 | D        | Noticed a meat berserker
   110 | D        | Killed a destroyer
   110 | D        | Killed a meat berserker
   110 | D        | Killed The Captor
   111 | D        | Noticed a bag of meat
   111 | D        | Killed a bag of meat
   112 | D        | Noticed a bag of meat
   112 | D        | Killed a meat beast
   113 | D        | Killed a large bag of meat
   114 | D        | Noticed a scourge
   115 | D        | Killed an observer
   115 | D        | Killed a meat berserker
   116 | D        | Noticed a bag of meat
   116 | D        | Noticed a bag of meat
   117 | D        | Noticed a meat berserker
   117 | D        | Killed a bag of meat
   117 | D        | Killed a bag of meat
   119 | D        | Killed a bag of meat
   120 | D        | Noticed a dread
   120 | D        | Killed a sculptor of flesh
   122 | D        | Killed a sculptor of flesh
   123 | D        | Killed from afar by a scourge

Vault maps used:
D:        meatsprint
